 Dungeon Crawl Stone Soup version 0.31-a0-1161-g593ecc88b7 (webtiles) character file.

Game seed: 1319850151275474579

33 kae the Vexing (level 3, 0/25 HPs)
             Began as a Demonspawn Enchanter on Dec 8, 2023.
             Succumbed to an adder's poison
             ... on level 2 of the Dungeon.
             The game lasted 00:00:47 (1077 turns).

kae the Vexing (Demonspawn Enchanter)               Turns: 1077, Time: 00:00:48

Health: 0/25       AC:  2    Str:  8    XL:     3   Next: 12%
Magic:  6/6        EV: 12    Int: 15    God:
Gold:   23         SH:  0    Dex: 15    Spells: 4/6 levels left

rFire   . . .        h - +0 short sword (vamp)
rCold   . . .        (no shield)
rNeg    . . .        b - +0 robe
rPois   .            (no helmet)
rElec   .            (no cloak)
rCorr   .            (no gloves)
SInv    .            (no boots)
Will    .....        (no amulet)
Stlth   ++           (no ring)
HPRegen 0.24/turn    (no ring)
MPRegen 0.10/turn

%: no passive effects
@: lethally poisoned (0 -> -3), very slightly contaminated
A: claws 1
a: no special abilities


You were on level 2 of the Dungeon.
You visited 1 branch of the dungeon, and saw 2 of its levels.

You collected 23 gold pieces.


Innate Abilities, Weirdness & Mutations

You have sharp fingernails.


   Skills:
 + Level 0.9 Fighting
 * Level 1.5 Short Blades
 - Level 1.7 Dodging
 * Level 3.1 Stealth
 + Level 2.2 Spellcasting
 + Level 3.1 Hexes


You had 4 spell levels left.
You knew the following spells:

 Your Spells              Type           Power      Damage    Failure   Level
a - Ensorcelled Hibernat  Hex/Ice        12%        N/A       17%         2

Your spell library contained the following spells:

 Spells                   Type           Power      Damage    Failure   Level
 Confusing Touch          Hex            11%        N/A       17%         3
 Tukima's Dance           Hex            11%        N/A       17%         3
 Dazzling Flash           Conj/Hex       12%        N/A       34%         3

Inventory:

Hand Weapons
 a - a +1 dagger
 h - a +0 vampiric short sword (weapon)
   (You took it off a kobold on level 1 of the Dungeon)
Missiles
 i - 2 poisoned darts
 j - 12 stones
 k - 2 datura-tipped darts
Armour
 b - a +0 robe (worn)
Scrolls
 f - a scroll of blinking {unknown}
 l - a scroll of teleportation {unknown}
Potions
 c - 2 potions of invisibility
 d - 2 potions of curing {unknown}
 g - a potion of heal wounds {unknown}

Dungeon Overview and Level Annotations

Branches:
Dungeon (2/15) Zot: 10928

Altars:
Ru

Shops:
D:1

[ #.# #.###
#.#.#####
######........
#........#####
#.##.....#
##...## ##.##
#@# #S# . ##'##
... ##..$##
._..#.....##
...........##
.......<....#
..+....?.......
# #...[......##


You could see an adder.


Message History

There is an open door here.
A rat comes into view. 😎 HP[+3]
Your hp is fully restored (20).
The helpless rat fails to defend itself.
You hit the rat.
You kill the rat!
A rat comes into view.
The rat squeaks loudly.
A rat is nearby!
A rat is nearby!
The rat barely misses you.
You barely miss the rat. The rat bites you but does no damage.
A rat is nearby!
You barely miss the rat. You barely miss the rat. The rat closely misses you.
A rat is nearby!
You barely miss the rat. The rat barely misses you.
You barely miss the rat. The rat bites you but does no damage.
A rat is nearby!
You hit the rat but do no damage. The rat bites you.
You hit the rat.
You feel better. The rat bites you. 😕 HP[-3]
You take 3 damage, and now have 17/20 hp.
A rat is nearby!
You closely miss the rat. The rat barely misses you.
You hit the rat.
You kill the rat!
j - 12 stones (gained 6)
You open the door.
There are monsters nearby!
There is an open door here.
The adder barely misses you. 😎 HP[+3]
Your hp is fully restored (20).
There are monsters nearby!
The adder hisses angrily.
You hit the adder. The adder bites you.
You are poisoned.
The adder poisons you!
You closely miss the adder.
You feel sick. The adder bites you. x2 😮 HP[-8]
You take 8 damage, and now have 12/20 hp.
MASSIVE DAMAGE!! (PAUSE)
You feel sick. The adder bites you.
* * * LOW HITPOINT WARNING * * *
There is an open door here. 😨 HP[-2]
You take 2 damage, and now have 10/20 hp.
You feel sick. The adder barely misses you. 😨 HP[-1]
You take 1 damage, and now have 9/20 hp.
You feel sick.
Casting: Ensorcelled Hibernation (safe; 17% risk of failure)
Confirm with . or Enter, or press ? or * to list all spells.
Aiming: Ensorcelled Hibernation (safe; 17% risk of failure)
Press: ? - help, Shift-Dir - straight line, f - adder
Aim: an adder (moderately wounded, chance to affect: 49%)
The adder looks drowsy...
You feel sick.
You are no longer poisoned. 😨 HP[-1] MP[-2]
You take 1 damage, and now have 8/20 hp.
You lost 2 mp, and now have 3/5 mp.
Unknown command.
The helpless adder fails to defend itself.
You puncture the adder! The adder barely misses you.
Casting: Ensorcelled Hibernation (safe; 17% risk of failure)
Confirm with . or Enter, or press ? or * to list all spells.
Aiming: Ensorcelled Hibernation (safe; 17% risk of failure)
Press: ? - help, Shift-Dir - straight line, f - adder, p - adder
Aim: an adder (chance to affect: 49%)
You miscast Ensorcelled Hibernation.
You are very lightly contaminated with residual magic.
Nothing appears to happen.
The adder bites you.
* * * LOW HITPOINT WARNING * * *
The adder bites you.
* * * LOW HITPOINT WARNING * * *
You are lethally poisoned!
The adder poisons you! 😱 HP[-6] MP[-2]
You take 6 damage, and now have 2/20 hp.
MASSIVE DAMAGE!! (PAUSE)
You lost 2 mp, and now have 1/5 mp.
You closely miss the adder.
* * * LOW HITPOINT WARNING * * *
You feel sick. The adder barely misses you. 😱 HP[-1]
You take 1 damage, and now have 1/20 hp.
Unknown command.
You hit the adder.
You feel better.
You kill the adder!
* * * LOW HITPOINT WARNING * * *
You feel sick.
You have reached level 3!
Your experience leads to an increase in your attributes!
Increase (S)trength, (I)ntelligence, or (D)exterity?
You feel agile. x2
You now have 25 max hp (+5).
It was a potion of magic.
Magic courses through your body.
You die...

Skill      XL: |  1  2 |
---------------+-------+-----
Short Blades   | 1 |  1.5
Stealth        | 3 |  3.1
Fighting       | |  0.9
Dodging        | |  1.7
Spellcasting   | |  2.2
Hexes          | |  3.1

Action                     || total
---------------------------++-------
  Melee: Dagger            ||    27
         Short sword       ||    56
         Punch             ||     1
   Cast: Ensorcelled Hiber ||     1
    Use: Potion            ||     1
   Stab: Sleeping          ||     6
         Distracted        ||     1
 Armour: Robe              ||    39
  Dodge: Dodged            ||    53

Levels and vault maps discovered:
D:1:      mainiacjoe_arrival_reflecting_pool, layout_loops_ring, serial_shops,
          shop, shapermc_ecumenical_altar_petra
D:2:      layout_loops_corners, basic_altar

Notes
Turn   | Place    | Note
-------+----------+-------------------------------------------
     0 | D:1      | kae the Demonspawn Enchanter began the quest for the Orb.
     0 | D:1      | Reached XP level 1. HP: 13/13 MP: 3/3
     0 | D:1      | magus.rc [v1.11.3]
    39 | D:1      | Reached skill level 1 in Short Blades
   272 | D:1      | Gained mutation: You have sharp fingernails. [demonic
                  | ancestry]
   272 | D:1      | Reached XP level 2. HP: 18/20 MP: 5/5
   303 | D:1      | Found Enifugag's Armour Shop.
   616 | D:1      | Found a faded altar of an unknown god.
   654 | D:1      | HP: 3/20 [hobgoblin (3)]
   792 | D:1      | Reached skill level 3 in Stealth
   959 | D:2      | Found a sacrificial altar of Ru.
   965 | D:1      | Learned a level 2 spell: Ensorcelled Hibernation
  1074 | D:2      | HP: 5/20 [adder (3)]
  1074 | D:2      | HP: 2/20 [adder (3)]
  1077 | D:2      | Reached XP level 3. HP: 1/25 MP: 1/6
  1077 | D:2      | Succumbed to an adder's poison

Vanquished Creatures
  An adder (D:2)
  An orc (D:2)
  An endoplasm (D:1)
  A goblin (D:1)
  5 hobgoblins (D:1)
  2 kobolds (D:1)
  4 ball pythons
  2 bats (D:1)
  5 rats
22 creatures vanquished.

Table legend:
 A = Non-vault XP
 B = Vault XP
 C = Vault XP percentage of total XP
 D = Non-vault monster count
 E = Vault monster count
 F = Vault count percentage of total count
                 A         B        C        D         E       F
            +---------+---------+-------+---------+---------+-------
      Total |      48 |       0 |   0.0 |      22 |       0 |   0.0
            +---------+---------+-------+---------+---------+-------
        D:1 |      25 |       0 |   0.0 |      15 |       0 |   0.0
        D:2 |      23 |       0 |   0.0 |       7 |       0 |   0.0
            +---------+---------+-------+---------+---------+-------

Skill      XL: |  1  2 |
---------------+-------+-----
Short Blades   | 1 |  1.5
Stealth        | 3 |  3.1
Fighting       | |  0.9
Dodging        | |  1.7
Spellcasting   | |  2.2
Hexes          | |  3.1

Action                     || total
---------------------------++-------
  Melee: Dagger            ||    27
         Short sword       ||    56
         Punch             ||     1
   Cast: Ensorcelled Hiber ||     1
    Use: Potion            ||     1
   Stab: Sleeping          ||     6
         Distracted        ||     1
 Armour: Robe              ||    39
  Dodge: Dodged            ||    53

Illustrated notes

Table legend:
 A = Kills in this place as a percentage of kills in the entire game.
 B = Kills by you in this place as a percentage of kills by you in the entire game.
 C = Kills by friends in this place as a percentage of kills by friends in the entire game.
 D = Other kills in this place as a percentage of other kills in the entire game.
 E = Experience gained in this place as a percentage of experience gained in the entire game.
 F = Experience gained in this place divided by the number of levels of this place that you have seen.
                   A       B       C       D       E      F
               +-------+-------+-------+-------+-------+----------------------
         Total | 100.0 | 100.0 |   N/A |   N/A | 100.0 |  24.0
       Dungeon | 100.0 | 100.0 |   N/A |   N/A | 100.0 |  24.0
               +-------+-------+-------+-------+-------+----------------------

Table legend: (Time is in decaauts)
 A = Elapsed time spent in this place.
 B = Non-inter-level travel time spent in this place.
 C = Inter-level travel time spent in this place.
 D = Time resting spent in this place.
 E = Time spent auto-exploring this place.
 F = Levels seen in this place.
 G = Mean time per level.
                   A        B        C        D        E       F      G
               +--------+--------+--------+--------+--------+-----+--------+
         Total |   1071 |   1026 |     45 |      0 |    835 |   2 |  535.5 |
       Dungeon |   1071 |   1026 |     45 |      0 |    835 |   2 |  535.5 |
               +--------+--------+--------+--------+--------+-----+--------+

Top non-repeatable levels by time:
     D:1: 976 daAuts
     D:2: 94 daAuts
